 Dungeon Crawl Stone Soup version 0.31.0-9-g3a7656b989 (webtiles) character file.

Game seed: 5629641817406305936

3 qw the Shooter (level 1, -3/10 HPs)
             Began as a Spriggan Hunter on Feb 2, 2024.
             Slain by a goblin
             ... wielding a +1 dagger of speed
              (4 damage)
             ... on level 1 of the Dungeon.
             The game lasted 00:00:00 (56 turns).

qw the Shooter (Spriggan Hunter)                      Turns: 56, Time: 00:00:00

Health: -3/10      AC:  2    Str:  7    XL:     1   Next: 41%
Magic:  2/2        EV: 18    Int: 10    God:
Gold:   0          SH:  0    Dex: 18    Spells: 0/0 levels left

rFire   . . .        a - +0 shortbow
rCold   . . .        (shield currently unavailable)
rNeg    . . .        c - +0 robe
rPois   .            (helmet restricted)
rElec   .            (no cloak)
rCorr   .            (gloves unavailable)
SInv    +            (boots unavailable)
Will    .....        (no amulet)
Stlth   ++           (no ring)
HPRegen 0.21/turn    (no ring)
MPRegen 0.08/turn

%: no passive effects
@: very quick
A: very small, no large weapons, unfitting armour, see invisible, speed 3
a: no special abilities


You were on level 1 of the Dungeon.
You visited 1 branch of the dungeon, and saw 1 of its levels.


Innate Abilities, Weirdness & Mutations

You are very small and have problems with some larger weapons.
You are too small for most types of armour.
You have supernaturally acute eyesight. (SInv)
You cover ground extremely quickly. (Speed+++)


   Skills:
 - Level 1.5 Fighting
 - Level 4.0 Ranged Weapons
 + Level 3.1 Dodging
 - Level 1.5 Stealth


You couldn't memorise any spells.
You didn't know any spells.
Your spell library was empty.

Inventory:

Hand Weapons
 a - a +0 shortbow (weapon)
Armour
 c - a +0 robe (worn)
Scrolls
 b - a scroll of butterflies
 d - a scroll of brand weapon {unknown}

Dungeon Overview and Level Annotations

Branches:
Dungeon (1/15)

Altars:


Message History

You shoot an arrow.
The arrow hits the quokka but does no damage.
The quokka is almost dead.
You shoot an arrow. The arrow hits the quokka.
You kill the quokka!
A rat comes into view.
You shoot an arrow. The arrow hits the rat!
You kill the rat!
Your Dodging skill increases to level 3!
Found a stone staircase leading down.
A ball python comes into view.
The ball python hisses angrily.
You shoot an arrow. The arrow hits the ball python!
You kill the ball python!
You see here a ball python corpse.
There is a stone staircase leading down here.
d - a scroll labelled TOATHO JADYU
Found a stone staircase leading down.
A goblin comes into view. It is wielding a +1 dagger of speed.
You shoot an arrow.
The arrow hits the goblin but does no damage.
The goblin shouts!
You hear an angry hiss.
A ball python comes into view.
You shoot an arrow.
The arrow closely misses the ball python.
The ball python hisses angrily.
You shoot an arrow. The arrow hits the goblin.
The goblin is severely wounded.
You shoot an arrow. The arrow barely misses the goblin.
The goblin misses you.
You shoot an arrow. The arrow misses the goblin.
The arrow hits the ball python but does no damage.
The goblin hits you with a +1 dagger of speed. x2
Ouch! That really hurt!
You shoot an arrow. The arrow barely misses the goblin.
The arrow hits the ball python.
You kill the ball python!
The goblin hits you with a +1 dagger of speed.
You die...

..........#.#
..####.....#
#.#####
####.# ..#.#
#.#.#
#.##.#.#
#......#
#.>...@#
#....#g#
##.###%# ...
..# ... ..#
... ...# ...
!..# ....#


You could see a goblin.

Vanquished Creatures
  2 ball pythons (D:1)
  A quokka (D:1)
  A rat (D:1)
4 creatures vanquished.

Notes
Turn   | Place    | Note
-------+----------+-------------------------------------------
     0 | D:1      | qw the Spriggan Hunter began the quest for the Orb.
     0 | D:1      | Reached XP level 1. HP: 10/10 MP: 2/2
     0 | D:1      | 0 ||| qw: Version: 0.3-a-155-g5e7d8dd
     0 | D:1      | 0 ||| qw: Game counter: 2460
     0 | D:1      | 0 ||| qw: Melee chars always use a shield: true
     0 | D:1      | 0 ||| qw: God list: Okawaru
     0 | D:1      | 0 ||| qw: Allow faded altars: false
     0 | D:1      | 0 ||| qw: Do Orc after clearing Dungeon:15 true
     0 | D:1      | 0 ||| qw: Do second Lair branch before Depths: true
     0 | D:1      | 0 ||| qw: Lair rune preference: random
     0 | D:1      | 0 ||| qw: Goals: Normal
     0 | D:1      | 0 ||| PLANNING D:1-11
    11 | D:1      | Reached skill level 3 in Dodging
    55 | D:1      | HP: 1/10 [goblin/+1 dagger of speed (5)]
    56 | D:1      | Slain by a goblin

Levels and vault maps discovered:
D:1:      minmay_arrival_arboretum_small, layout_basic

Skill      XL: |  1 |
---------------+----+-----
Dodging        | 3 |  3.1
Fighting       | |  1.5
Ranged Weapons | |  4.0
Stealth        | |  1.5

Action                     || total
---------------------------++-------
   Fire: Shortbow          ||    13
 Armour: Robe              ||     3
  Dodge: Dodged            ||     1

Table legend:
 A = Non-vault XP
 B = Vault XP
 C = Vault XP percentage of total XP
 D = Non-vault monster count
 E = Vault monster count
 F = Vault count percentage of total count
                 A         B        C        D         E       F
            +---------+---------+-------+---------+---------+-------
      Total |       6 |       0 |   0.0 |       4 |       0 |   0.0
            +---------+---------+-------+---------+---------+-------
        D:1 |       6 |       0 |   0.0 |       4 |       0 |   0.0
            +---------+---------+-------+---------+---------+-------
